[Event "*** SCC Grand Prix: Titled Tuesday Blitz"]
[Site "Chess.com"]
[Date "2020.08.11"]
[Round "1"]
[White "renehp"]
[Black "BilodeauA"]
[Result "1/2-1/2"]
[WhiteElo "2441"]
[BlackElo "2899"]
[TimeControl "180+1"]
[EndTime "10:07:28 PDT"]
[Termination "Game drawn by repetition"]

1. e4 c5 2. Nf3 Nc6 3. d4 cxd4 4.
Nxd4 Nf6 5. Nc3 d6 6. Bg5 e6 7. Qd2 a6 8. O-O-O Bd7 9. f4 b5 10.
Nxc6 Bxc6 11. Bd3 Be7 12. Rhe1 b4 13. Ne2 Nxe4 14. Bxe4 Bxe4 15. Bxe7 Qxe7 16. Ng3 d5 17. Nxe4 dxe4 18. Rxe4 a5 19. f5 O-O 20. fxe6 fxe6 21. Qe2 Rfe8 22. Re1 Kf7 23. Qh5+ Kg8 24. Qe2 Qg5+ 25.
Kb1 h6 26. Rxe6 Rxe6 27. Qxe6+ Kh8 28. Qc6 Rg8 29. Re8 Qf4 30. Rxg8+ Kxg8 31. a3 Qxh2 32. axb4 axb4 33. Qc4+ Kh8 34. Qc8+ Kh7 35. Qf5+ Kg8 36.
Qe6+ Kf8 37. Qf5+ Ke7 38. Qe4+ Kf6 39. Qd4+ Kf7 40. Qc4+ Kg6 41. Qe4+ Kh5 42. Qf3+ Kh4 43. Qe4+ Kh5 44. Qf3+ Kg5 45. Qd5+ Kf6 46. Qd4+ Kg6 47. Qe4+ Kg5 48. Qe7+ Kg6 49. Qe4+ 1/2-1/2

[Event "*** SCC Grand Prix: Titled Tuesday Blitz"]
[Site "Chess.com"]
[Date "2020.08.11"]
[Round "1"]
[White "frederiksvane"]
[Black "tan275"]
[Result "1-0"]
[WhiteElo "2594"]
[BlackElo "2238"]
[TimeControl "180+1"]
[EndTime "10:07:28 PDT"]
[Termination "frederiksvane won by checkmate"]

1. e4 c6 2. Nf3 d5 3. Nc3 Nf6 4. e5 Ne4 5. Ne2 Qb6 6. d4 e6 7. Ng3 c5 8. Bd3 Nxg3 9. fxg3 h6 10. g4 Nc6 11. c3 Bd7 12. O-O cxd4 13. cxd4 Nxd4 14.
Kh1 Bc5 15. b4 Be7 16. Be3 O-O 17. Bxd4 Qxb4 18. Rb1 Qa3 19. Rxb7 Ba4 20. Qc1 Qxd3 21. Rxe7 Rac8 22. Qe1 Rc2 23. Rxa7 Bb5 24. Rg1 Rfc8 25.
a4 Ba6 26. g5 hxg5 27. Qg3 Rc1 28. Qxg5 Rxg1+ 29. Bxg1 Bc4 30. Qf4 Rf8 31. a5 Qb1 32. h3 Be2 33. Ng5 Bf1 34. Rxf7 Bxg2+ 35. Kxg2 Qc2+ 36. Bf2 Qe2 37. Rxf8# 1-0

[Event "*** SCC Grand Prix: Titled Tuesday Blitz"]
[Site "Chess.com"]
[Date "2020.08.11"]
[Round "1"]
[White "attack2mateU"]
[Black "Alindsay211"]
[Result "1-0"]
[WhiteElo "2718"]
[BlackElo "2357"]
[TimeControl "180+1"]
[EndTime "10:07:29 PDT"]
[Termination "attack2mateU won by checkmate"]

1. e4 c5 2. Nf3 e6 3. c3 Nc6 4. d4 cxd4 5. cxd4 d5 6. e5 Qb6 7. Nc3 h5 8. a3 Nh6 9. Bd3 Be7 10. O-O Bd7 11. Bc2 Rc8 12. Rb1 a6 13. Be3 Na5 14. Na4 Qc7 15. Bd3 b5 16. Nc5 Qa7 17.
b3 Ng4 18. Bd2 Nc6 19. b4 Nh6 20. Re1 Nb8 21. Bg5 Bc6 22. Rc1 Nd7 23. Bxe7 Kxe7 24.
Qd2 Nb6 25. Qg5+ Kf8 26. Qxh5 Nc4 27. Ng5 Qe7 28. Rc3 Kg8 29. f4 Nf5 30. Qd1 g6 31.
Bxf5 gxf5 32. Rg3 Kf8 33. Nxa6 Ra8 34. Nc5 Rxa3 35. Rxa3 Nxa3 36. Qb3 Nc4 37. Ra1 Kg7 38. Qg3 Rh6 39. Ngxe6+ Kh7 40. Qg7# 1-0

[Event "*** SCC Grand Prix: Titled Tuesday Blitz"]
[Site "Chess.com"]
[Date "2020.08.11"]
[Round "1"]
[White "Susal_De_Silva"]
[Black "Dinamo81"]
[Result "0-1"]
[WhiteElo "2312"]
[BlackElo "2653"]
[TimeControl "180+1"]
[EndTime "10:07:29 PDT"]
[Termination "Dinamo81 won by resignation"]

1. e4 e6 2. d4 d5 3. Nc3 Bb4 4. e5 Ne7 5. a3 Bxc3+ 6. bxc3 b6 7. Qg4 Kf8 8. h4 c5 9. Bd2 Ba6 10. Bxa6 Nxa6 11. h5 h6 12. Ne2 Rc8 13. O-O Kg8 14. Rac1 Nf5 15. Ng3 Qh4 16. Qxh4 Nxh4 17. f4 g6 18. hxg6 fxg6 19. Kh2 Nc7 20. Kh3 Nf5 21. Nxf5 exf5 22. a4 Ne6 23. Be3 cxd4 24. cxd4 Rc3 25. Rf3 Kf7 26. Kg3 Rhc8 27. Bf2 g5 28. fxg5 hxg5 29.
Rxc3 Rxc3+ 30. Kh2 Rc4 31. a5 b5 32. a6 Rc6 33. Rb1 Nc7 34. Be1 Rxa6 35. Bb4 Ra2 36. Bd6 Ne6 37. Rxb5 Rxc2 38. Rb7+ Kg6 39. Rxa7 Nxd4 40. Ra6 Kh5 41. Ra3 g4 42. Ra8 f4 43.
Rh8+ Kg6 44. Rg8+ Kf5 45. Rf8+ Ke4 46. Rg8 Nf3+ 0-1

[Event "*** SCC Grand Prix: Titled Tuesday Blitz"]
[Site "Chess.com"]
[Date "2020.08.11"]
[Round "1"]
[White "beatnoguera"]
[Black "LimeInTheCoconut"]
[Result "0-1"]
[WhiteElo "1804"]
[BlackElo "2456"]
[TimeControl "180+1"]
[EndTime "10:07:29 PDT"]
[Termination "LimeInTheCoconut won by resignation"]

1. e4 c6 2. Nc3 d5 3. d3 e5 4. f4 dxe4 5. Nxe4 exf4 6. Bxf4 Nf6 7. Qe2 Nxe4 8. Qxe4+ Qe7 9. Qxe7+ Bxe7 10. O-O-O Be6 11. Kb1 Nd7 12. Nf3 h6 13. d4 O-O 14. Bd3 g5 15.
Bg3 Nf6 16. h4 Nh5 17. Bf2 g4 18. Ne5 Nf4 19. Bf1 f6 20. Nd3 Nxd3 21. Bxd3 Bd5 22. Rhg1 Bd6 23. Bf5 g3 24. Be3 Kg7 25. Rdf1 Rae8 26.
Bf4 Bxf4 27. Rxf4 h5 28. Bd3 b5 29. Rf5 Kh6 30. b3 b4 31. Kb2 Re3 32. Bc4 Kg6 33.
Rff1 Bxc4 34. bxc4 f5 35. Rf3 Rxf3 36. gxf3 f4 37.
Kb3 a5 38. Ka4 Rd8 39. Rd1 Re8 40. Rd2 Re3 41. d5 cxd5 42. cxd5 Kf7 43. d6 Ke8 44.
d7+ Kd8 45. Kxa5 Rxf3 46. Kxb4 Rf2 47. Rd1 g2 48. Rg1 f3 49. Kc3 Rf1 0-1

[Event "*** SCC Grand Prix: Titled Tuesday Blitz"]
[Site "Chess.com"]
[Date "2020.08.11"]
[Round "1"]
[White "seorobert1971"]
[Black "Ural_bogatyr"]
[Result "1-0"]
[WhiteElo "2737"]
[BlackElo "2368"]
[TimeControl "180+1"]
[EndTime "10:07:30 PDT"]
[Termination "seorobert1971 won on time"]

1. c4 Nf6 2. Nc3 e6 3. d4 d5 4. Nf3 c6 5. Bg5 h6 6. Bh4 g5 7. Bg3 Ne4 8. Nd2 Nxg3 9. hxg3 Bg7 10. e3 b6 11. Be2 Bb7 12. Qc2 Nd7 13. O-O-O Qe7 14.
Kb1 dxc4 15. Nxc4 O-O-O 16. Bf3 Kb8 17. Ne4 Ba8 18. g4 c5 19. Nc3 Bxf3 20. gxf3 cxd4 21.
exd4 Nf6 22. Ne3 Nd5 23. Ncxd5 exd5 24. Nf5 Qf6 25. Rhe1 Rhe8 26. Qb3 Rxe1 27. Rxe1 Qg6 28. Ka1 Bf8 29. Re5 Qc6 30. a3 f6 31. Re3 Qc4 32. Qd1 Rc8 33. Rc3 Qa6 34. Rxc8+ Qxc8 35. Qd3 Qc4 36. Qe3 Qc8 37. f4 h5 38. fxg5 hxg4 39.
Qf4+ Kb7 40. g6 Bxa3 41. Kb1 Bb4 42. g7 Qe8 43. Qxg4 1-0

[Event "*** SCC Grand Prix: Titled Tuesday Blitz"]
[Site "Chess.com"]
[Date "2020.08.11"]
[Round "1"]
[White "Maksimus1998"]
[Black "KingChess345"]
[Result "0-1"]
[WhiteElo "2514"]
[BlackElo "2180"]
[TimeControl "180+1"]
[EndTime "10:07:30 PDT"]
[Termination "KingChess345 won by resignation"]

1. e4 c5 2. Nf3 Nc6 3. Bb5 g6 4.
O-O Bg7 5. Re1 e5 6. c3 Nge7 7. d3 O-O 8. Nbd2 a6 9. Ba4 b5 10. Bb3 d6 11. a4 Rb8 12. axb5 axb5 13. Nf1 h6 14. Ne3 Kh7 15. h3 f5 16. exf5 gxf5 17. Nd5 Ng6 18. Bd2 Be6 19. Ra6 Qc8 20. Rb6 Rxb6 21.
Nxb6 Qe8 22. Bxe6 Qxe6 23. c4 bxc4 24. Qa4 d5 25. dxc4 d4 26. Nd5 e4 27. Nh2 f4 28.
Nc7 Qd7 29. Nb5 e3 30. fxe3 fxe3 31. Bc1 Nf4 32. Qd1 e2 33. Rxe2 Nxe2+ 34. Qxe2 d3 35. Qd2 Qf5 36. Nf3 Ne5 37. Nxe5 Qf1+ 38. Kh2 Bxe5+ 39.
g3 Rf2+ 40. Qxf2 Qxf2+ 41. Kh1 Qxg3 0-1

[Event "*** SCC Grand Prix: Titled Tuesday Blitz"]
[Site "Chess.com"]
[Date "2020.08.11"]
[Round "1"]
[White "CzechmVIII"]
[Black "AldokhinIvan"]
[Result "0-1"]
[WhiteElo "2146"]
[BlackElo "2514"]
[TimeControl "180+1"]
[EndTime "10:07:30 PDT"]
[Termination "AldokhinIvan won by checkmate"]

1. e4 c5 2. Nf3 e6 3. Nc3 Nc6 4. d4 cxd4 5. Nxd4 Qc7 6. Qd3 Nf6 7. Ndb5 Qb8 8. Qg3 d6 9. Be3 Be7 10. O-O-O Ne5 11. f3 O-O 12. Kb1 a6 13. Nd4 Bd7 14.
Qf2 b5 15. g4 b4 16. Nce2 Bb5 17. Nc1 Rc8 18. g5 Nfd7 19. Bh3 Nc5 20. f4 Nc4 21. f5 Nxe4 22. Qg2 Nxe3 23. Qxe4 Nxd1 24.
fxe6 Nc3+ 25. bxc3 Bc4 26. exf7+ Bxf7 27. Ncb3 Re8 28. Be6 Bxe6 29. Qxe6+ Kh8 30. Qf7 Bxg5 31. Ne6 Bf6 32. Rg1 Ra7 33. Qh5 Rxe6 34. Rf1 Qe8 35. Qh3 bxc3 36. a4 Rb7 37. Ka2 Qxa4+ 38. Kb1 Rxb3+ 39.
cxb3 Qxb3+ 40. Kc1 Qb2+ 41. Kd1 Qd2# 0-1

[Event "*** SCC Grand Prix: Titled Tuesday Blitz"]
[Site "Chess.com"]
[Date "2020.08.11"]
[Round "1"]
[White "kingofthenil"]
[Black "Andrakhanova"]
[Result "1-0"]
[WhiteElo "2455"]
[BlackElo "1681"]
[TimeControl "180+1"]
[EndTime "10:07:30 PDT"]
[Termination "kingofthenil won by resignation"]

1. e4 c5 2. d3 e6 3. g3 Nc6 4. Bg2 Nge7 5. f4 g6 6. Nf3 Bg7 7. O-O O-O 8. c3 d5 9. Na3 dxe4 10. dxe4 b6 11. Qe2 a6 12. Rd1 Qc7 13. Be3 Bb7 14.
Nc4 Rfd8 15. e5 Nf5 16. Bf2 b5 17. Ne3 Nce7 18. Nxf5 Nxf5 19. Ng5 Bxg2 20. Kxg2 c4 21. g4 Ne7 22. Ne4 Rxd1 23. Rxd1 Rd8 24. Nd6 Nd5 25.
Qf3 Bf8 26. Bh4 Rd7 27. Ne8 Qc8 28. Rxd5 Qxe8 29. Rxd7 Qxd7 30. Bf2 Qd5 31. Qxd5 exd5 32. f5 Bh6 33. b3 Kf8 34. b4 Ke7 35. Kf3 Kd7 36. Bd4 Bc1 37. h3 Bd2 38. Ke2 Bg5 39. Be3 Bh4 40. Bf4 Bd8 41. Kf3 Bb6 42. Be3 Bd8 43.
Kg3 Be7 44. h4 h5 45. e6+ Ke8 46. Bd4 Kf8 47. Kh3 hxg4+ 48. Kxg4 gxf5+ 49. Kxf5 Ke8 50. h5 Bf8 51. exf7+ Kxf7 52. Ke5 Bg7+ 53. Kxd5 1-0

[Event "*** SCC Grand Prix: Titled Tuesday Blitz"]
[Site "Chess.com"]
[Date "2020.08.11"]
[Round "1"]
[White "guillembaches"]
[Black "mishikomchedlishvili"]
[Result "0-1"]
[WhiteElo "2401"]
[BlackElo "2805"]
[TimeControl "180+1"]
[EndTime "10:07:31 PDT"]
[Termination "mishikomchedlishvili won on time"]

1. e4 c5 2. Nf3 e6 3. g3 Nc6 4. Bg2 Nf6 5. Qe2 e5 6. O-O Be7 7. Nc3 O-O 8. Nd5 d6 9. Nxe7+ Qxe7 10. c3 Re8 11. d3 h6 12. a3 a5 13. Nd2 Bg4 14. f3 Be6 15. a4 d5 16. exd5 Bxd5 17.
Nc4 Rad8 18. Be3 Nd7 19. Rad1 f5 20. Bf2 Qe6 21. Rfe1 Bxc4 22. dxc4 b6 23. Rd2 Nf6 24. Red1 Rxd2 25. Rxd2 Kf7 26. b3 Re7 27. Qd1 e4 28. Rd6 Qc8 29. fxe4 fxe4 30. Be3 Ne5 31. Rd8 Qf5 32. Bf4 Nd3 33. Qd2 Rd7 34. Rxd7+ Qxd7 35. Be3 Qf5 36. h3 g5 37. Qd1 Qe5 38. Kh2 Qxc3 39.
Qf1 Qe5 40. Qe2 Kg6 41. Bd2 h5 42. Qe3 h4 43. Kg1 hxg3 44. Bxe4+ Qxe4 45. Qxg5+ Kf7 46. h4 Ne5 47. Qxg3 Nf3+ 48. Kf2 Nxd2 0-1

[Event "*** SCC Grand Prix: Titled Tuesday Blitz"]
[Site "Chess.com"]
[Date "2020.08.11"]
[Round "1"]
[White "elcandado"]
[Black "Matols"]
[Result "0-1"]
[WhiteElo "2541"]
[BlackElo "2212"]
[TimeControl "180+1"]
[EndTime "10:07:31 PDT"]
[Termination "Matols won on time"]

1. d4 Nf6 2. Bf4 e6 3. e3 c5 4.
c3 d5 5. Nd2 Nc6 6. Ngf3 Bd6 7.
Bg3 O-O 8. Bd3 b6 9. e4 Be7 10. Ne5 Bb7 11. Nxc6 Bxc6 12. e5 Nd7 13. Qh5 g6 14. Qe2 Re8 15. h4 f5 16. exf6 Bxf6 17.
Nf3 e5 18. dxe5 Qe7 19. O-O-O Nxe5 20. Nxe5 Bxe5 21. Rhe1 Bf6 22. Qg4 Qg7 23. Bc2 d4 24. Bb3+ Kh8 25. h5 dxc3 26. hxg6 cxb2+ 27. Kb1 Qxg6+ 28. Qxg6 hxg6 29. Rh1+ Kg7 30. Bc2 Re2 31. Bf4 Rae8 32. Bh6+ Kf7 33. Bb3+ Ke7 34. f3 g5 35. Rd3 Rh8 36. f4 Rxh6 37. Rxh6 Re1+ 38. Rd1 Be4+ 0-1

[Event "*** SCC Grand Prix: Titled Tuesday Blitz"]
[Site "Chess.com"]
[Date "2020.08.11"]
[Round "1"]
[White "harkerchess"]
[Black "serhanberat_ozdemir"]
[Result "1-0"]
[WhiteElo "2148"]
[BlackElo "2493"]
[TimeControl "180+1"]
[EndTime "10:07:31 PDT"]
[Termination "harkerchess won on time"]

1. d4 Nf6 2. Bg5 g6 3. Bxf6 exf6 4. c4 f5 5. Nc3 Bg7 6. g3 O-O 7. Bg2 d6 8. e3 c6 9. Nge2 Be6 10. Qd3 Na6 11. a3 Re8 12. O-O Rc8 13. b4 Nc7 14. a4 d5 15. c5 Bd7 16. b5 Ne6 17. Rab1 Ng5 18. a5 Ne4 19. b6 a6 20. f3 Nxc3 21. Nxc3 Qe7 22. Rbe1 Bh6 23. e4 fxe4 24. fxe4 f5 25. exd5 Qxe1 26. Rxe1 Rxe1+ 27. Kf2 Re3 28. Qc2 Rce8 29. dxc6 Bxc6 30. d5 Bb5 31. Nxb5 axb5 32.
c6 bxc6 33. dxc6 Ra3 34. b7 Be3+ 35. Kf3 Ba7+ 36. Kf4 Bb8+ 37. Kg5 1-0

[Event "*** SCC Grand Prix: Titled Tuesday Blitz"]
[Site "Chess.com"]
[Date "2020.08.11"]
[Round "1"]
[White "1stSecond"]
[Black "FedaMaster"]
[Result "1-0"]
[WhiteElo "2782"]
[BlackElo "2395"]
[TimeControl "180+1"]
[EndTime "10:07:32 PDT"]
[Termination "1stSecond won by checkmate"]

1. e4 d5 2. exd5 Qxd5 3. Nc3 Qd6 4. d4 Nf6 5. Bc4 Bg4 6. f3 Bh5 7. Nge2 e6 8. Bf4 Qd8 9. Qd2 c6 10. O-O-O Nbd7 11. h4 h6 12. g4 Bg6 13. h5 Bh7 14. Bb3 Nd5 15. Ne4 Nxf4 16. Nxf4 Nf6 17. Rhe1 Nxe4 18.
fxe4 Be7 19. e5 a5 20. c3 Bg5 21. Bc2 Bxc2 22. Kxc2 a4 23. Rf1 Qa5 24. Qe2 b5 25. Nd3 Be7 26. a3 Qd8 27. Qf3 O-O 28. Qxc6 b4 29. axb4 a3 30. bxa3 Rxa3 31. Ra1 Rxa1 32.
Rxa1 Bh4 33. b5 Qg5 34. Qf3 Rb8 35. Ra8 Rxa8 36. Qxa8+ Kh7 37. Qe4+ g6 38. b6 Qd8 39.
b7 Qb6 40. hxg6+ Kg7 41. Nf4 Bg5 42. Nh5+ Kf8 43. g7+ Kg8 44. Qc6 Qa7 45. Qe8+ Kh7 46. g8=Q# 1-0

[Event "*** SCC Grand Prix: Titled Tuesday Blitz"]
[Site "Chess.com"]
[Date "2020.08.11"]
[Round "1"]
[White "kasparicy"]
[Black "WIDBIFS"]
[Result "0-1"]
[WhiteElo "2361"]
[BlackElo "2722"]
[TimeControl "180+1"]
[EndTime "10:07:33 PDT"]
[Termination "WIDBIFS won on time"]

1. e4 g6 2. d4 Bg7 3. Nc3 c6 4.
f4 d5 5. e5 Nh6 6. Nf3 O-O 7.
Be3 f6 8. Qd2 Bg4 9. O-O-O Nd7 10. Kb1 e6 11. Be2 Qe7 12. h3 Bxf3 13. Bxf3 Nf5 14.
Bf2 fxe5 15. fxe5 Bh6 16. Qe2 Bg5 17. g3 Nb6 18. h4 Bh6 19. g4 Nc4 20. gxf5 Qb4 21.
Na4 Qxa4 22. f6 Qb5 23. c3 Na3+ 24. Ka1 Qxe2 25. Bxe2 Nc2+ 26. Kb1 Ne3 27. Bxe3 Bxe3 28. Rd3 Bh6 29. Bg4 Kf7 30. Kc2 Rh8 31. h5 g5 32.
b3 Rhc8 33. c4 Rc7 34. Kb2 a5 35. a4 Rac8 36. c5 Rb8 37. b4 axb4 38. Kb3 Bf8 39. a5 Ra8 40. Ra1 h6 41. Ra4 Ra6 0-1

[Event "*** SCC Grand Prix: Titled Tuesday Blitz"]
[Site "Chess.com"]
[Date "2020.08.11"]
[Round "1"]
[White "GameOverBro"]
[Black "OparinGrigoriy"]
[Result "1/2-1/2"]
[WhiteElo "2447"]
[BlackElo "2933"]
[TimeControl "180+1"]
[EndTime "10:07:34 PDT"]
[Termination "Game drawn - insufficient material"]

1. e4 c6 2. Nc3 d5 3. Nf3 dxe4 4. Nxe4 Nf6 5. Qe2 Na6 6. Nxf6+ gxf6 7. d4 Qd5 8. Qc4 Bg4 9. Qxd5 cxd5 10. Bxa6 bxa6 11. Ke2 e6 12. h3 Bh5 13. g4 Bg6 14. c3 Rb8 15. b3 Bd6 16. Bd2 Kd7 17. Nh4 a5 18.
Nxg6 hxg6 19. h4 f5 20. f3 a4 21. b4 Rh7 22. Rh3 Rbh8 23. Bg5 Be7 24. Bxe7 Kxe7 25.
Rah1 Kf6 26. Kd3 Rc8 27. g5+ Ke7 28. h5 gxh5 29. Rxh5 Rxh5 30. Rxh5 f4 31. Rh4 Rg8 32. Rg4 a6 33. c4 dxc4+ 34. Kxc4 Rc8+ 35. Kd3 Rc1 36. Rxf4 Ra1 37. Re4 Rxa2 38. Re5 Rb2 39. Ra5 Rxb4 40. Rxa6 Kf8 41. Ke4 Kg7 42. f4 Kg6 43.
Ra8 Rc4 44. Rg8+ Kh5 45. Rg7 a3 46. Rxf7 Ra4 47. Rh7+ Kg6 48. Rh6+ Kg7 49. Rh1 a2 50. Ra1 Ra5 51. d5 exd5+ 52. Ke5 Kf7 53. f5 Kf8 54. Kd4 Ke8 55. Ke5 Kf7 56. Kd4 Kf8 57. Ke5 Ke7 58.
g6 d4+ 59. Kxd4 Kf6 60. Kc3 Rxf5 61. Rxa2 Kxg6 62. Rg2+ Rg5 63. Rxg5+ Kxg5 1/2-1/2

[Event "*** SCC Grand Prix: Titled Tuesday Blitz"]
[Site "Chess.com"]
[Date "2020.08.11"]
[Round "1"]
[White "vladislavkovalev"]
[Black "chigorin28"]
[Result "1-0"]
[WhiteElo "2882"]
[BlackElo "2424"]
[TimeControl "180+1"]
[EndTime "10:07:35 PDT"]
[Termination "vladislavkovalev won on time"]

1. e4 e6 2. d3 d5 3. Nd2 c5 4. g3 Nc6 5. Bg2 Nf6 6. Ngf3 Be7 7. O-O O-O 8. Re1 b5 9. e5 Nd7 10. Nf1 Bb7 11. h4 Re8 12. N1h2 Nf8 13. h5 h6 14. Ng4 Nh7 15. Bf4 Ng5 16. Qd2 Nxf3+ 17. Bxf3 Bg5 18. c3 Bxf4 19. Qxf4 Qg5 20. Qxg5 hxg5 21. h6 Red8 22. Kg2 gxh6 23. Rh1 Kg7 24. Rxh6 Rh8 25. Rxh8 Rxh8 26. Rc1 Ba8 27. Kf1 Kg6 28. Rd1 Kf5 29. d4 c4 30. Ke2 Bb7 31. a3 Kg6 32.
Ke3 Kg7 33. Ra1 Ne7 34. Ke2 Nf5 35. Nf6 Bc6 36. Bg4 Nh6 37. Bh3 Ng8 38. Nxg8 Rxh3 39. Nf6 Rh8 40. Ng4 a6 41. Kf3 a5 42. Kg2 Kg6 43.
Rh1 Rb8 44. Nf6 b4 45. axb4 axb4 46. cxb4 Rxb4 47. Rh8 Rxb2 48. g4 Kg7 49. Rg8+ Kh6 50.
Kg3 Bb5 51. f4 Rb3+ 52. Kf2 Rb2+ 53. Ke1 1-0

[Event "*** SCC Grand Prix: Titled Tuesday Blitz"]
[Site "Chess.com"]
[Date "2020.08.11"]
[Round "1"]
[White "Rud_Makarian"]
[Black "warmoatmeal"]
[Result "1-0"]
[WhiteElo "2672"]
[BlackElo "2331"]
[TimeControl "180+1"]
[EndTime "10:07:35 PDT"]
[Termination "Rud_Makarian won by resignation"]

1. e4 c6 2. d4 d5 3. Nc3 dxe4 4.
Nxe4 Nf6 5. Nxf6+ exf6 6. c3 Bd6 7. Bd3 O-O 8. Qc2 Re8+ 9. Ne2 h5 10. O-O Nd7 11.
Bf4 Nf8 12. Bxd6 Qxd6 13. Rae1 Bd7 14. Ng3 h4 15. Nf5 Bxf5 16. Bxf5 Ne6 17. Bxe6 Rxe6 18. Rxe6 Qxe6 19. a3 Re8 20. h3 Qe2 21. Rc1 b5 22. Qb3 Qd2 23. Rf1 Re1 24. a4 Qe2 25. Rxe1 Qxe1+ 26. Kh2 Qxf2 27. axb5 Qg3+ 28. Kg1 Qe1+ 29. Kh2 cxb5 30. Qxb5 Qg3+ 31. Kg1 Qe1+ 32. Qf1 Qe3+ 33.
Qf2 Qc1+ 34. Kh2 a5 35. d5 Qd1 36. c4 g5 37. Qxf6 Qd2 38. Qe5 Qf2 39. Qxg5+ Kf8 40. d6 f6 41. d7 fxg5 42. d8=Q+ Kf7 43. Qxg5 Qxb2 44. Qxh4 Qe5+ 45. Kg1 a4 46. Qh7+ Qg7 47. Qf5+ Kg8 48. Qd5+ Kh7 49. c5 Qa1+ 50. Kh2 a3 51. c6 Qg7 52. Qd3+ Kh6 53. Qxa3 Qc7+ 54. Qg3 Qxc6 55.
Qf4+ Kg6 56. h4 Qc3 57. Qg3+ Qxg3+ 58. Kxg3 Kh5 59. Kh3 1-0

[Event "*** SCC Grand Prix: Titled Tuesday Blitz"]
[Site "Chess.com"]
[Date "2020.08.11"]
[Round "1"]
[White "Shota_Azaladze"]
[Black "Savva09022009"]
[Result "1-0"]
[WhiteElo "2692"]
[BlackElo "2342"]
[TimeControl "180+1"]
[EndTime "10:07:36 PDT"]
[Termination "Shota_Azaladze won on time"]

1. Nf3 Nf6 2. g3 e6 3. Bg2 d5 4.
O-O Be7 5. d3 O-O 6. Nbd2 c5 7.
e4 Nc6 8. e5 Nd7 9. Re1 Qc7 10.
Qe2 b5 11. h4 Bb7 12. Nf1 Rae8 13. Bf4 Qb6 14. N1h2 f6 15. exf6 Bxf6 16. Bd6 Rf7 17. c3 e5 18. Ng5 Bxg5 19. hxg5 Nd8 20. d4 Qxd6 21. Qxb5 Bc6 22. dxc5 Nxc5 23. Qb4 Nde6 24. g6 hxg6 25. Rad1 Rb7 26. Qa3 Rd8 27. Ng4 e4 28. Bxe4 Nxe4 29. Qxd6 Nxd6 30. Rxe6 Rc7 31. Rxg6 Re7 32.
Ne3 Kf7 33. Rg4 Ne4 34. Nf5 Re5 35. Nd4 Bb7 36. Rf4+ Nf6 37. a4 Rh8 38. Kg2 Reh5 39. Re1 Rh2+ 40. Kf3 Rh1 41. Re2 Ba6 42. Re3 Rd1 43.
Rf5 Bd3 44. Rfe5 Rhh1 45. Re7+ Kg6 46. Kf4 1-0

[Event "*** SCC Grand Prix: Titled Tuesday Blitz"]
[Site "Chess.com"]
[Date "2020.08.11"]
[Round "1"]
[White "Nikolaj_6"]
[Black "kobemagic"]
[Result "1-0"]
[WhiteElo "2628"]
[BlackElo "2277"]
[TimeControl "180+1"]
[EndTime "10:07:36 PDT"]
[Termination "Nikolaj_6 won by resignation"]

1. e4 Nf6 2. e5 Nd5 3. d4 d6 4. c4 Nb6 5. exd6 exd6 6. Nc3 Nc6 7.
d5 Ne5 8. b3 Be7 9. f4 Bg4 10.
Be2 Bxe2 11. Ngxe2 Ng6 12. O-O O-O 13. Be3 Re8 14.
Qd2 Bf6 15. Bd4 Nd7 16. Ng3 Nc5 17. Rae1 Bxd4+ 18. Qxd4 Qd7 19. Nh5 f6 20. b4 Na6 21.
a3 Kf7 22. h3 Rxe1 23. Rxe1 Re8 24. Rxe8 Qxe8 25. Kf2 b6 26. Nb5 Ne7 27. g4 Ng6 28. Qe3 Qd7 29. Nxa7 Nb8 30. b5 c5 31. Nc6 Nxc6 32. bxc6 Qc8 33. a4 Nf8 34. f5 Qa6 35.
Qb3 Qa5 36. Nf4 g5 37. Ne6 Nxe6 38. fxe6+ Ke7 39. Qc2 Kd8 40. e7+ Kxe7 41. Qxh7+ Kf8 42. Qe4 Qd2+ 43. Qe2 Qd4+ 44. Kg2 Qe5 45. Qxe5 fxe5 46. c7 1-0

[Event "*** SCC Grand Prix: Titled Tuesday Blitz"]
[Site "Chess.com"]
[Date "2020.08.11"]
[Round "1"]
[White "KarpovVadim"]
[Black "Fighterman91"]
[Result "0-1"]
[WhiteElo "2276"]
[BlackElo "2626"]
[TimeControl "180+1"]
[EndTime "10:07:36 PDT"]
[Termination "Fighterman91 won on time"]

1. d4 Nf6 2. c4 g6 3. Nc3 d5 4. cxd5 Nxd5 5. e3 Nxc3 6. bxc3 Bg7 7. Nf3 O-O 8. Be2 c5 9. O-O b6 10. a4 Nc6 11. Ba3 Bb7 12. dxc5 Bxc3 13. Rb1 Qxd1 14.
Rfxd1 Ba5 15. cxb6 axb6 16. Nd4 Rfd8 17. Bf3 Nxd4 18. Bxb7 Ra7 19. Rxd4 Rxd4 20. exd4 Rxb7 21. d5 Rd7 22. Rd1 f5 23. Kf1 Kf7 24. Ke2 Rc7 25. Rd3 Rc4 26. d6 exd6 27. Rxd6 Rxa4 28. Rd7+ Ke6 29.
Rd6+ Ke5 30. Rd3 Re4+ 31. Kf3 Rf4+ 32. Ke3 Re4+ 33. Kf3 Rc4 34. Bb2+ Ke6 35. Ba3 Bb4 36. Bb2 Bc5 37. Rb3 Rc2 0-1

[Event "*** SCC Grand Prix: Titled Tuesday Blitz"]
[Site "Chess.com"]
[Date "2020.08.11"]
[Round "1"]
[White "Infernal_XaM"]
[Black "Zhani-Z"]
[Result "1-0"]
[WhiteElo "2914"]
[BlackElo "2434"]
[TimeControl "180+1"]
[EndTime "10:07:37 PDT"]
[Termination "Infernal_XaM won on time"]

1. d4 Nf6 2. c4 e6 3. Nf3 d5 4. Nc3 c5 5. e3 Nc6 6. a3 a6 7. dxc5 Bxc5 8. b4 Ba7 9. Bb2 O-O 10. cxd5 exd5 11. b5 axb5 12. Nxb5 Bb6 13. Bd3 Ba5+ 14. Bc3 Bg4 15. O-O Bxc3 16. Nxc3 Qe7 17. Be2 Rfd8 18.
Nb5 Ne4 19. h3 Bh5 20. Nfd4 Bxe2 21. Qxe2 Nxd4 22. Nxd4 Rxa3 23. Nf5 Qf8 24. Rxa3 Qxa3 25. Qg4 g6 26. Qh4 Qf8 27. Nh6+ Kg7 28. Ng4 h5 29. Ne5 Re8 30. Nf3 Qe7 31. Qf4 b5 32. Rb1 b4 33.
Nd4 Nc3 34. Rxb4 Ra8 35. Rb3 Ne4 36. Rb1 Ra2 37. f3 Nf6 38. Rc1 Ra7 39. h4 Rb7 40. Qg5 Kh7 41. Rc6 Rc7 42. Rxf6 1-0

[Event "*** SCC Grand Prix: Titled Tuesday Blitz"]
[Site "Chess.com"]
[Date "2020.08.11"]
[Round "1"]
[White "youngKID"]
[Black "Xeniya2005"]
[Result "1-0"]
[WhiteElo "2727"]
[BlackElo "2362"]
[TimeControl "180+1"]
[EndTime "10:07:37 PDT"]
[Termination "youngKID won by resignation"]

1. e4 e6 2. d4 d5 3. Nd2 c5 4.
Ngf3 cxd4 5. Nxd4 Nc6 6. Bb5 Bd7 7. Nxc6 bxc6 8. Bd3 Bd6 9. Qe2 Qc7 10. Nf3 Bf4 11.
O-O Bxc1 12. Raxc1 Ne7 13. c4 dxe4 14. Qxe4 Ng6 15. h4 Rb8 16. b3 c5 17. Qe3 Bc6 18.
Qxc5 Qb7 19. Be2 Nf4 20. Qe3 Nxe2+ 21. Qxe2 Bxf3 22. Qxf3 Qxf3 23. gxf3 Ke7 24. Rfd1 Rhc8 25. Kf1 Rc5 26. Rd4 a5 27. Rcd1 Rb7 28. R1d3 f6 29.
Ke2 h5 30. f4 g5 31. fxg5 fxg5 32. hxg5 Rxg5 33. Rh4 Kf6 34. Rf3+ Kg6 35. Re4 Re7 36. a3 Rg4 37. Rxg4+ hxg4 38. Rc3 Kf5 39. b4 axb4 40. axb4 Rc7 41. b5 Ke5 42. b6 Rc8 43. c5 Kd5 44. b7 Rb8 45. c6 1-0

[Event "*** SCC Grand Prix: Titled Tuesday Blitz"]
[Site "Chess.com"]
[Date "2020.08.11"]
[Round "1"]
[White "Zq1"]
[Black "talaicito"]
[Result "1-0"]
[WhiteElo "2501"]
[BlackElo "2093"]
[TimeControl "180+1"]
[EndTime "10:07:37 PDT"]
[Termination "Zq1 won on time"]

1. Nf3 e6 2. c4 f5 3. g3 Nf6 4. Bg2 Be7 5. O-O d6 6. d3 O-O 7. Nc3 e5 8. b4 Kh8 9. b5 Qe8 10. a4 a5 11. bxa6 Nxa6 12. Ba3 Qh5 13. e3 e4 14. Nd4 Qg6 15. Qb1 exd3 16. Qxd3 Nd7 17. Nd5 Bd8 18. Nf4 Qf7 19. Qc2 Ndc5 20. Nb3 Bf6 21.
Bd5 Qe8 22. Nd4 c6 23. Bg2 g5 24. Nd3 f4 25. Rae1 Qg6 26. Rd1 Bxd4 27. exd4 Nxd3 28. Qxd3 Bf5 29. Qc3 g4 30. d5+ Kg8 31. Rfe1 f3 32.
Bf1 Nc5 33. Bxc5 dxc5 34. dxc6 Qxc6 35. Re7 Rf7 36. Rde1 Raf8 37. a5 Bc8 38. h4 Qd6 39. R7e5 Rg7 40. Bd3 Bd7 41. Rd5 Qc7 42. h5 Bc8 43. h6 Rg6 44. Bxg6 hxg6 45. Rde5 1-0